 Dungeon Crawl Stone Soup version 0.28-a0-1613-gdaab1c2f9b (webtiles) character file.

Game seed: 3550689526415369082

53 funkygono the Firebug (level 3, -1/19 HPs)
             Began as a Gargoyle Fire Elementalist on Jan 21, 2022.
             Slain by Terence (7 damage)
             ... on level 2 of the Dungeon.
             The game lasted 00:02:42 (1372 turns).

funkygono the Firebug (Gargoyle Fire Elementalist)  Turns: 1372, Time: 00:02:42

Health: -1/19      AC:  6    Str: 11    XL:     3   Next: 89%
Magic:  0/6        EV: 11    Int: 17    God:
Gold:   48         SH:  0    Dex: 10    Spells: 0/6 levels left

rFire   . . .      SeeInvis .   i - +0 club
rCold   . . .      Faith    .   (no shield)
rNeg    + . .      Spirit   .   g - +0 leather armour
rPois   ∞          Reflect  .   (no helmet)
rElec   +          Harm     .   (no cloak)
rCorr   .          Rampage  .   (no gloves)
Will    .....                   (no boots)
Stlth   ++........              (no amulet)
HPRegen 0.06/turn               (no ring)
MPRegen 0.10/turn               (no ring)

@: no status effects
A: sickness immunity, AC +3, negative energy resistance 1, electricity
resistance, torment resistance 1, petrification resistance
a: no special abilities


You were on level 2 of the Dungeon.
You visited 1 branch of the dungeon, and saw 2 of its levels.

You collected 48 gold pieces.

Inventory:

Hand Weapons
 i - a +0 club (weapon)
Missiles
 h - 14 stones
Armour
 a - a +0 robe
 g - a +0 leather armour (worn)
Scrolls
 b - a scroll of immolation {unknown}
 d - a scroll of enchant weapon {unknown}
 f - 2 scrolls of vulnerability {unknown}
 j - a scroll of identify {unknown}
Potions
 c - a potion of heal wounds {unknown}
 e - a potion of brilliance {unknown}
 k - a potion of degeneration {unknown}


   Skills:
 + Level 1.6 Dodging
 - Level 2.1 Stealth
 * Level 2.3 Spellcasting
 * Level 1.7 Conjurations
 * Level 4.2 Fire Magic


You couldn't memorise any spells.
You knew the following spells:

 Your Spells              Type           Power      Damage    Failure   Level
a - Foxfire               Conj/Fire      48%        2x1d6     8%          1
b - Scorch                Fire           32%        2d7       7%          2
c - Conjure Flame         Conj/Fire      12%        6-21      22%         3

Your spell library contained the following spells:

 Spells                   Type           Power      Damage    Failure   Level
 Inner Flame              Hex/Fire       9%         N/A       30%         3
 Flame Wave               Conj/Fire      12%        2d6       58%         4


Dungeon Overview and Level Annotations

Branches:
Dungeon (2/15)

Altars:
Hepliaklqana

Shops:
D:1 !

Annotations:
D:2 Terence


Innate Abilities, Weirdness & Mutations

You are immune to sickness and miasma.
Your stone body is resilient. (AC +3)
You are immune to poison.
You resist negative energy. (rN+)
You are resistant to electric shocks. (rElec)
You are resistant to unholy torment.
You are immune to petrification.


Message History

Terence is heavily wounded.
The foxfire hits Terence.
Terence is heavily wounded.
Casting: Foxfire (safe; 8% risk of failure)
Confirm with . or Enter, or press ? or * to list all spells.
You conjure some foxfire!
Terence barely misses you.
The foxfire hits Terence but does no damage.
Terence is heavily wounded.
The foxfire hits Terence but does no damage.
Terence is heavily wounded.
Terence hits you with a +0 flail.
Terence asks, "Do you want it fast or slow?"
Found an escape hatch in the ceiling.
Found 7 gold pieces.
Casting: Foxfire (safe; 8% risk of failure)
Confirm with . or Enter, or press ? or * to list all spells.
Flames lash Terence.
Terence is severely wounded.
Terence's fire resistance burns away.
Terence closely misses you.
You barely miss Terence.
Terence is severely wounded.
Terence completely misses you. Terence hits you but does no damage.
You hit Terence but do no damage.
Terence is severely wounded.
Terence hits you with a +0 flail.
You hit Terence but do no damage.
Terence is severely wounded.
Terence is no longer more vulnerable to fire.
Terence hits you with a +0 flail.
* * * LOW HITPOINT WARNING * * *
Casting: Scorch (safe; 7% risk of failure)
Confirm with . or Enter, or press ? or * to list all spells.
Flames lash Terence.
Terence is almost dead.
Terence's fire resistance burns away.
Terence closely misses you.
Unknown command.
Terence asks, "Do you want it fast or slow?"
Terence is no longer more vulnerable to fire.
Terence hits you with a +0 flail!
You die...

#.###.###....#
#.###.....#
#....###
#......####
#.#....####
#.##....##
#.##.#....##
......#<.#
#.##.####..####
#..#..##.#
#.##.# ##.....
#.#.†###.##
#.##.# ######
#.#..
#.@###.##.# #..
# #.#
##.@...##.###
#..# ..
####..##.##.....
#
##.##..#.#######
#.......###....
#..###..##..###
$.<.....#.##.##
.......##.#.##.#
####.#.##......#
#........####


You could see Terence.

Vanquished Creatures
  2 adders (D:2)
  2 worms (D:2)
  A ball python (D:2)
  5 bats
  An endoplasm (D:1)
  3 giant cockroaches
  5 goblins
  4 hobgoblins
  6 rats
29 creatures vanquished.

Vanquished Creatures (others)
  91 foxfires
91 creatures vanquished.

Grand Total: 120 creatures vanquished

Notes
Turn   | Place    | Note
-------+----------+-------------------------------------------
     0 | D:1      | funkygono the Gargoyle Fire Elementalist began the quest
                  | for the Orb.
     0 | D:1      | Reached XP level 1. HP: 10/10 MP: 3/3
    53 | D:1      | Found Zaurph's Distillery.
   221 | D:1      | Reached XP level 2. HP: 15/15 MP: 0/5
   224 | D:1      | Learned a level 2 spell: Scorch
   629 | D:1      | Found a faded altar of an unknown god.
   879 | D:2      | Reached XP level 3. HP: 19/19 MP: 1/6
   883 | D:2      | Learned a level 3 spell: Conjure Flame
  1169 | D:2      | Found a hazy altar of Hepliaklqana.
  1212 | D:2      | Reached skill level 4 in Fire Magic
  1305 | D:2      | Noticed Terence
  1372 | D:2      | Slain by Terence

Illustrated notes

Levels and vault maps discovered:
D:1:      minmay_arrival_semitransparent, layout_rooms, serial_shops, shop,
          ebering_ecumenical_altar_hall
D:2:      layout_rooms, basic_altar, uniq_terence

Skill      XL: |  1  2  3 |
---------------+----------+-----
Fire Magic     | 4 |  4.2
Dodging        | |  1.6
Stealth        | |  2.1
Spellcasting   | |  2.3
Conjurations   | |  1.7

Action                   || total
-------------------------++-------
Melee: Club              ||     3
 Cast: Foxfire           ||    52
       Scorch            ||     8
Armor: Robe              ||     4
       Leather armour    ||     3
Dodge: Dodged            ||    11

Table legend: (Time is in decaauts)
 A = Elapsed time spent in this place.
 B = Non-inter-level travel time spent in this place.
 C = Inter-level travel time spent in this place.
 D = Time resting spent in this place.
 E = Time spent auto-exploring this place.
 F = Levels seen in this place.
 G = Mean time per level.
                   A        B        C        D        E       F      G
               +--------+--------+--------+--------+--------+-----+--------+
         Total |   1373 |   1362 |     11 |    107 |    948 |   2 |  686.5 |
       Dungeon |   1373 |   1362 |     11 |    107 |    948 |   2 |  686.5 |
               +--------+--------+--------+--------+--------+-----+--------+

Top non-repeatable levels by time:
     D:1: 723 daAuts
     D:2: 649 daAuts
